 Dungeon Crawl Stone Soup version 0.14-a0-2888-g61d0ccb (webtiles) character file.

123 RIDDIMRIDER the Exhumer (level 4, -3/33 HPs)
             Began as a Human Death Knight on Feb 26, 2014.
             Was a Follower of Yredelemnul.
             Slain by Sigmund
             ... wielding a +0,+0 scythe
              (8 damage)
             ... on Level 2 of the Dungeon on Mar 1, 2014.
             The game lasted 00:16:23 (2019 turns).

RIDDIMRIDER the Exhumer (Human Death Knight)        Turns: 2019, Time: 00:16:24

HP  -3/33        AC  8     Str 13      XL: 4   Next: 32%
MP   7/7         EV  8     Int 13      God: Yredelemnul [*.....]
Gold 59          SH  0     Dex 12      Spells:  0 memorised,  3 levels left

rFire  . . .     SeeInvis .     f - +0 flail
rCold  . . .     Clarity  .     e - +2 scale mail
rNeg   . . .     Conserve .     (no shield)
rPois  .         rCorr    .     (no helmet)
rElec  .         rRot     .     (no cloak)
SustAb . .       Spirit   .     (no gloves)
rMut   +         Warding  .     (no boots)
Saprov . . .     Stasis   .     d - amulet of resist mutation {unknown}
MR     .....                    (no ring)
                                (no ring)

@: not resistant to hostile enchantments, extremely unstealthy
A: no striking features
a: Animate Remains, Renounce Religion


You were on level 2 of the Dungeon.
You worshipped Yredelemnul.
Yredelemnul was aware of your devotion.
You were not hungry.

You visited 1 branch of the dungeon, and saw 2 of its levels.

You collected 59 gold pieces.

Inventory:

Hand weapons
 a - a +1,+1 mace
 f - a +0,+0 flail (weapon)
Missiles
 c - 28 darts (quivered)
Armour
 e - a +2 scale mail (worn)
Scrolls
 g - a scroll of identify {unknown}
Jewellery
 d - an amulet of resist mutation (around neck) {unknown}


   Skills:
 + Level 2.2 Fighting
 + Level 2.2 Maces & Flails
 + Level 2.0 Armour
 + Level 1.2 Dodging
 + Level 0.4 Stealth
 + Level 4.1 Invocations


You had 3 spell levels left.
You didn't know any spells.

Dungeon Overview and Level Annotations

Branches:
Dungeon (2/16)

Altars:
Ashenzari

Annotations:
D:2 Sigmund


Message History

Sigmund hits you from afar with a scythe.
Your goblin zombie barely misses Sigmund.
Something barely misses your goblin zombie.
Your goblin zombie hits something but does no damage.
Something hits your goblin zombie!
Your goblin zombie is destroyed!
There is an open door here.
Sigmund mumbles some strange words.
Sigmund flickers and vanishes!
Deactivating autopickup; reactivate with Ctrl-A.
You are confused.
Something hits you. Something hits you.
* * * LOW HITPOINT WARNING * * *
Unknown command.
Unknown command.
You feel less confused. Something hits you!
You die...
Your body rises from the dead as a mindless zombie.

#......... . ## #.......##
#. .#
#.......+..#.###########.#
#....[..# .#.......w...#.#
#.......+. ..#########.#.#
#.......#..#. #.#.#
#.......#....#########'#.#
####'##.#####............#
#.##.....'.@..........#
######.########...{.w......#
...z...# #######......#
.####### ######## .# ...
.#.# .#.# .# #


You could see a worm.

Vanquished Creatures
  2 gnolls
  A giant gecko (D:2)
  A giant cockroach (D:1)
  2 goblins
  5 hobgoblins
  2 jackals (D:1)
  A ball python (D:1)
  2 bats (D:1)
  3 giant newts
  3 kobolds (D:1)
  A rat (D:1)
23 creatures vanquished.

Vanquished Creatures (collateral kills)
  2 gnolls
  An ooze (D:1)
  3 bats
  A hobgoblin (D:1)
  A jackal (D:1)
  A rat (D:1)
9 creatures vanquished.

Vanquished Creatures (others)
  A bat zombie (D:1)
  A ball python zombie (D:1)
  A goblin zombie (D:2)
  A hobgoblin zombie (D:2)
  A jackal zombie (D:1)
  A rat zombie (D:1)
6 creatures vanquished.

Grand Total: 38 creatures vanquished

Notes
Turn   | Place    | Note
--------------------------------------------------------------
     0 | D:1      | RIDDIMRIDER, the Human Death Knight, began the quest for the Orb.
     0 | D:1      | Reached XP level 1. HP: 16/16 MP: 2/2
   472 | D:1      | Reached XP level 2. HP: 12/22 MP: 4/4
   953 | D:1      | Reached XP level 3. HP: 7/27 MP: 5/5
  1485 | D:2      | Found a shattered altar of Ashenzari.
  1588 | D:2      | Reached skill level 4 in Invocations
  1588 | D:2      | Reached XP level 4. HP: 4/33 MP: 7/7
  1907 | D:2      | Upgraded the game from 0.14-a0-2839-g31ee8e6 to 0.14-a0-2888-g61d0ccb
  1989 | D:2      | Noticed Sigmund
  2019 | D:2      | Slain by Sigmund

Action                   |  1- 3 |  4- 6 || total
-------------------------+-------+-------++-------
Melee: Mace              |    66 |       ||    66
       Flail             |    20 |     8 ||    28
Invok: Animate Remains   |     8 |       ||     8
  Use: Scroll            |     3 |     2 ||     5
